 Dungeon Crawl Stone Soup version 0.20.1-1-g8b1a95d (webtiles) character file.

177 Gargoyl the Covered (level 5, -2/47 HPs)
             Began as a Minotaur Abyssal Knight on July 10, 2017.
             Was a Believer of Lugonu.
             Slain by Natasha (7 damage)
             ... on level 2 of the Dungeon.
             The game lasted 00:05:58 (2590 turns).

Gargoyl the Covered (Minotaur Abyssal Knight)       Turns: 2590, Time: 00:05:59

Health: -2/47      AC:  9    Str: 17    XL:     5   Next: 30%
Magic:  6/6        EV:  7    Int:  9    God:    Lugonu [**....]
Gold:   97         SH:  0    Dex: 10    Spells: 4/4 levels left

rFire    + + .     SeeInvis .   a - +1 hand axe
rCold    . . .     Gourm    .   (no shield)
rNeg     . . .     Faith    .   d - +0 chain mail
rPois    +         Spirit   .   (helmet restricted)
rElec    +         Reflect  .   (no cloak)
rCorr    +         Harm     .   (no gloves)
MR       .....                  (no boots)
Stlth    ..........             (no amulet)
Regen    0.2/turn               n - ring of fire
MPRegen  0.1/turn               (no ring)

@: resistant, flying
A: retaliatory headbutt, horns 2
a: Depart the Abyss, Bend Space, Renounce Religion


You were on level 2 of the Dungeon.
You worshipped Lugonu.
Lugonu was pleased with you.
You were not hungry.

You visited 1 branch of the dungeon, and saw 3 of its levels.
You visited the Abyss 1 time.

You collected 97 gold pieces.

Inventory:

Hand Weapons
 a - a +1 hand axe (weapon)
Armour
 d - a +0 chain mail (worn)
Jewellery
 m - an uncursed ring of ice {unknown}
 n - a ring of fire (left hand)
Scrolls
 b - a scroll of magic mapping {unknown}
Potions
 e - 2 potions of curing
 f - a potion of agility {unknown}
 h - a potion of haste
 i - 2 potions of flight
 k - a potion of heal wounds {unknown}
Comestibles
 c - a bread ration
 j - a royal jelly
 l - a fruit


   Skills:
 + Level 4.4 Fighting
 + Level 3.5 Axes
 * Level 4.7 Armour
 + Level 1.5 Dodging
 * Level 2.8 Invocations


You had 4 spell levels left.
You didn't know any spells.

Dungeon Overview and Level Annotations

Branches:
Dungeon (3/15)

Altars:
Okawaru

Annotations:
D:2 Natasha
D:3 Ijyb


Innate Abilities, Weirdness & Mutations

You reflexively headbutt those who attack you in melee.
You have a pair of horns on your head.


Message History

You fly upwards.
Natasha, Servant of Life and Death comes into view.
There is a stone staircase leading down here.
You slash the adder!
The adder is almost dead.
The adder bites you but does no damage. x2
You hit the adder.
You kill the adder!
Lugonu accepts your kill.
You hit Natasha. Natasha claws you but does no damage.
Natasha barely misses you.
You see here an adder corpse.
You hit Natasha.
Natasha is moderately wounded.
Natasha claws you!
* * * LOW HITPOINT WARNING * * *
You closely miss Natasha.
Natasha is moderately wounded.
Natasha claws you!
You die...

### #.# #<# #.# #.#
#############.###########
...............h>.......#
#######.........@######.#
#.......(..# #.# ###
#......[...# #.# ..##
#...)......# #.#
...####..........# #.#
...#..........#### #.#
...#..........# #.#
...#..........# #.#
##########....# #.#


You could see Natasha.

Vanquished Creatures
  Terence (D:2)
  Natasha (D:2)
  A gnoll (D:1)
  6 adders
  An ufetubus (Abyss:2)
  2 worms
  A dart slug (D:1)
  2 leopard geckos (D:2)
  2 giant cockroaches
  8 goblins
  6 hobgoblins
  4 jackals (D:1)
  A ball python (D:2)
  8 bats
  A frilled lizard (D:1)
  2 kobolds
  6 rats
53 creatures vanquished.

Vanquished Creatures (others)
  A goblin (D:3)
1 creature vanquished.

Grand Total: 54 creatures vanquished

Notes
Turn   | Place    | Note
-------+----------+-------------------------------------------
     0 | Abyss:1  | Gargoyl the Minotaur Abyssal Knight began the quest for the Orb.
     0 | Abyss:1  | Reached XP level 1. HP: 19/19 MP: 1/1
    30 | Abyss:2  | Found a corrupted altar of Lugonu.
    61 | Abyss:2  | Noticed a tormentor
    63 | Abyss:2  | Noticed a small abomination
    69 | D:1      | Escaped the Abyss
    92 | D:1      | Reached XP level 2. HP: 14/27 MP: 2/2
   300 | D:1      | Reached * piety under Lugonu
   520 | D:1      | Reached XP level 3. HP: 26/33 MP: 3/3
  1414 | D:2      | Found an iron altar of Okawaru.
  1463 | D:2      | Noticed Natasha
  1476 | D:2      | Killed Natasha
  1476 | D:2      | Reached XP level 4. HP: 34/40 MP: 4/4
  2032 | D:3      | Noticed Terence
  2047 | D:3      | Noticed Ijyb
  2048 | D:3      | Reached ** piety under Lugonu
  2440 | D:2      | Killed Terence
  2440 | D:2      | Reached XP level 5. HP: 33/47 MP: 6/6
  2544 | D:3      | Noticed an ogre
  2586 | D:2      | Noticed Natasha
  2590 | D:2      | Slain by Natasha

Skill      XL: |  1  2  3  4 |
---------------+-------------+-----
Invocations    | 2 |  2.8
Fighting       | 4 |  4.4
Armour         | 3 4 |  4.7
Axes           | 3 |  3.5
Dodging        | |  1.5

Action                   |  1- 3 |  4- 6 || total
-------------------------+-------+-------++-------
Melee: Hand axe          |    64 |    85 ||   149
       Headbutt          |     9 |    15 ||    24
Invok: Depart the Abyss  |     1 |       ||     1
       Bend Space        |       |     1 ||     1
  Use: Scroll            |     3 |       ||     3
       Potion            |       |     4 ||     4
  Eat: Chunk             |     1 |     2 ||     3
       Bread ration      |       |     1 ||     1
Armor: Chain mail        |    62 |    77 ||   139
Dodge: Dodged            |    43 |    52 ||    95
